 Dungeon Crawl Stone Soup version 0.31-a0-654-gbe3e110b4e (webtiles) character file.

Game seed: 1121037279862514253

723951 jlumianski the Demonic Barricade (level 27, 0/245 HPs)
             Began as a Demonspawn Fighter on Aug 28, 2023.
             Was a High Priest of Qazlal.
             Killed from afar by an ancient lich (49 damage)
             ... with a bolt of acid
             ... on level 11 of a ziggurat on Aug 29, 2023.
             The game lasted 07:38:33 (61673 turns).

jlumianski the Demonic Barricade (DsFi)            Turns: 61673, Time: 07:38:33

Health: 0/245      AC: 41    Str: 32      XL:     27
Magic:  0/47       EV: 14    Int: 14 (15) God:    Qazlal [*****.]
Gold:   8026       SH: 39    Dex: 12      Spells: 26/26 levels left

rFire   + + +        l - +9 broad axe (vamp)
rCold   . . .        y - +8 tower shield {rN+}
rNeg    + . .        O - +11 gold dragon scales
rPois   +            (helmet unavailable)
rElec   +            h - +2 cloak "Acaarch" {Slay+2}
rCorr   .            Y - +2 pair of gloves {hurl}
SInv    +            c - +2 pair of boots {Stlth+}
Will    ++++.        k - amulet "Qechy" {Contam rF+ Regen+ Str+4} Stlth
                     C - ring "Yledepneis" {+Blink Will++ MP+9 SInv}
HPRegen 1.40/turn    j - ring "Alacruhi" {rElec rF+ rC- Int+6 Slay+5}
MPRegen 0.60/turn

%: repel missiles, guardian spirit
@: protected from fire, studying 4 skills
A: horns 3, foul stench 3, augmentation 3, magic shield, magic regeneration,
magic link, sturdy frame 3, deterioration 2, dopey 1, fire resistance 1, sense
surroundings 3, screaming 1, teleportitis 1, weak 1, subdued magic 1, MP-powered
wands
}: 5/15 runes: decaying, slimy, silver, abyssal, gossamer
a: Renounce Religion, Evoke Blink, Upheaval, Elemental Force, Disaster Area


You were on level 11 of a ziggurat.
You worshipped Qazlal.
Qazlal was extremely pleased with you.
You visited 12 branches of the dungeon, and saw 54 of its levels.
You visited the Abyss 7 times.
You visited 1 ziggurat, and saw 11 of its levels.
You also visited: Trove, Bailey, Gauntlet and Ice Cave.

You collected 10340 gold pieces.
You spent 2314 gold pieces at shops.

Inventory:

Hand Weapons
 l - a +9 vampiric broad axe (weapon)
 o - the +4 war axe "Lacertilianslayer" {heavy, Fly rElec rCorr Int-3}
   (You found it on level 9 of the Dungeon)

   Int-3:     It affects your intelligence (-3).
   rElec:     It insulates you from electricity.
   Fly:       It grants you flight.
   rCorr:     It protects you from acid and corrosion.
 T - a +0 broad axe of flaming
Missiles
 A - 47 boomerangs
 B - 6 datura-tipped darts
 F - 7 silver javelins
 G - 2 throwing nets (quivered)
Armour
 c - a +2 pair of boots of stealth (worn)
 h - the +2 cloak "Acaarch" (worn) {Slay+2}
   (You found it in a treasure trove)

   Slay+2:    It affects your accuracy & damage with ranged weapons and melee
   (+2).
 y - a +8 tower shield of positive energy (worn)
 O - +11 gold dragon scales (worn)
 Y - a +2 pair of gloves of hurling (worn)
Jewellery
 i - a +4 ring of protection
 j - the ring "Alacruhi" (right hand) {rElec rF+ rC- Int+6 Slay+5}
   (You found it in a treasure trove)

   [ring of intelligence]

   Int+6:     It affects your intelligence (+6).
   Slay+5:    It affects your accuracy & damage with ranged weapons and melee
   (+5).
   rF+:       It protects you from fire.
   rC-:       It makes you vulnerable to cold.
   rElec:     It insulates you from electricity.
 k - the amulet "Qechy" (around neck) {Contam rF+ Regen+ Str+4}
   (You found it in a Gauntlet)

   [amulet of regeneration]

   Str+4:     It affects your strength (+4).
   rF+:       It protects you from fire.
   Contam:    It causes magical contamination when unequipped.
   Regen+:    It increases your rate of health regeneration.
 C - the ring "Yledepneis" (left hand) {+Blink Will++ MP+9 SInv}
   (You found it on level 1 of the Depths)

   [ring of magical power]

   Will++:    It greatly increases your willpower.
   MP+9:      It affects your magic capacity (+9).
   SInv:      It lets you see invisible.
   +Blink:    It lets you blink.
 W - the ring "Ubliokhlo" {Fly rC- Will++ Int+3 Dex+6}
   (You found it on level 5 of the Pits of Slime)

   [ring of dexterity]

   Int+3:     It affects your intelligence (+3).
   Dex+6:     It affects your dexterity (+6).
   rC-:       It makes you vulnerable to cold.
   Will++:    It greatly increases your willpower.
   Fly:       It grants you flight.
 X - the ring of Imufous Nuci {rPois rF+ EV+5 Dex+3}
   (You found it on level 7 of a ziggurat)

   [ring of evasion]

   EV+5:      It affects your evasion (+5).
   Dex+3:     It affects your dexterity (+3).
   rF+:       It protects you from fire.
   rPois:     It protects you from poison
Wands
 a - a wand of polymorph (6)
 b - a wand of digging (18)
 g - a wand of mindburst (11)
 q - a wand of flame (15)
 v - a wand of quicksilver (72)
 E - a wand of roots (108)
Scrolls
 e - 20 scrolls of teleportation
 f - 4 scrolls of immolation
 m - a scroll of enchant armour
 p - 3 scrolls of enchant weapon
 r - 7 scrolls of fear
 s - a scroll of silence
 w - 4 scrolls of fog
 H - 8 scrolls of poison
 N - 7 scrolls of blinking
 R - 6 scrolls of revelation
 U - 3 scrolls of butterflies
Potions
 d - 10 potions of heal wounds
 n - 5 potions of mutation
 u - 2 potions of attraction
 D - 7 potions of might
 K - 3 potions of berserk rage
 M - 10 potions of enlightenment
 P - 20 potions of curing
 Q - 14 potions of haste
 S - 5 potions of invisibility
 V - 5 potions of resistance
 Z - a potion of cancellation
Miscellaneous
 L - a tin of tremorstones (1/2)


   Skills:
 * Level 26.3 Fighting
 - Level 2.4 Long Blades
 - Level 18.0 Axes
 + Level 1.8 Throwing
 + Level 13.8 Armour
 - Level 15.1 Dodging
 - Level 0.4 Stealth
 O Level 27 Shields
 + Level 0.9 Unarmed Combat
 * Level 23.8 Invocations
 * Level 18.3 Evocations
 - Level 8.3 Shapeshifting


You had 26 spell levels left.
You didn't know any spells.
Your spell library contained the following spells:

 Spells                   Type           Power      Damage    Failure   Level
 Apportation              Tloc           0%         N/A       73%         1
 Foxfire                  Conj/Fire      0%         2x1d4     73%         1
 Freeze                   Ice            0%         1d3       73%         1
 Kiss of Death            Conj/Necr      0%         2d5       73%         1
 Magic Dart               Conj           0%         1d3       73%         1
 Necrotise                Necr           0%         1d4       73%         1
 Sandblast                Erth           0%         2d4       73%         1
 Slow                     Hex            0%         N/A       73%         1
 Sting                    Tmut/Pois      0%         1d3       73%         1
 Blink                    Tloc           0%         N/A       86%         2
 Cigotuvi's Dreadful Rot  Necr/Pois/Air  0%         N/A       86%         2
 Ensorcelled Hibernation  Hex/Ice        0%         N/A       86%         2
 Lesser Beckoning         Tloc           0%         N/A       86%         2
 Momentum Strike          Conj/Tloc      0%         3d8       86%         2
 Passwall                 Tmut/Erth      0%         N/A       86%         2
 Poisonous Vapours        Pois/Air       0%         N/A       86%         2
 Searing Ray              Conj           0%         2d4       86%         2
 Static Discharge         Conj/Air       0%         2-2/arc   86%         2
 Wereblood                Tmut           0%         N/A       86%         2
 Confusing Touch          Hex            0%         N/A       98%         3
 Dazzling Flash           Conj/Hex       0%         N/A       98%         3
 Frozen Ramparts          Ice            0%         1d1       98%         3
 Gell's Gravitas          Tloc           0%         N/A       98%         3
 Hailstorm                Conj/Ice       0%         3d3       98%         3
 Ignite Poison            Fire/Tmut/Pois 0%         N/A       98%         3
 Inner Flame              Hex/Fire       0%         N/A       98%         3
 Mephitic Cloud           Conj/Pois/Air  0%         N/A       98%         3
 Ozocubu's Armour         Ice            0%         N/A       98%         3
 Portal Projectile        Hex/Tloc       0%         N/A       98%         3
 Stone Arrow              Conj/Erth      0%         3d7       98%         3
 Summon Guardian Golem    Hex/Summ       0%         N/A       98%         3
 Swiftness                Air            0%         N/A       98%         3
 Teleport Other           Tloc           0%         N/A       98%         3
 Tukima's Dance           Hex            0%         N/A       98%         3
 Vampiric Draining        Necr           0%         2d6       98%         3
 Volatile Blastmotes      Fire/Tloc      0%         2d10      98%         3
 Airstrike                Air            0%         2d(0-16)  100%        4
 Anguish                  Hex/Necr       0%         N/A       100%        4
 Animate Armour           Summ/Erth      0%         N/A       100%        4
 Cause Fear               Hex            0%         N/A       100%        4
 Dispel Undead            Necr           0%         3d6       100%        4
 Fulminant Prism          Conj/Hex       0%         3d5       100%        4
 Iskenderun's Mystic Bla  Conj/Tloc      0%         2d3       100%        4
 Manifold Assault         Tloc           0%         N/A       100%        4
 Olgreb's Toxic Radiance  Pois           0%         N/A       100%        4
 Passage of Golubria      Tloc           0%         N/A       100%        4
 Petrify                  Tmut/Erth      0%         N/A       100%        4
 Sticky Flame             Conj/Fire      0%         2d3       100%        4
 Summon Ice Beast         Ice/Summ       0%         N/A       100%        4
 Summon Lightning Spire   Summ/Air       0%         N/A       100%        4
 Vhi's Electric Charge    Tloc/Air       0%         N/A       100%        4
 Agony                    Necr           0%         N/A       100%        5
 Alistair's Intoxication  Tmut/Pois      0%         N/A       100%        5
 Arcjolt                  Conj/Air       0%         1d10      100%        5
 Borgnjor's Vile Clutch   Necr/Erth      0%         N/A       100%        5
 Fireball                 Conj/Fire      0%         3d3       100%        5
 Freezing Cloud           Conj/Ice/Air   0%         6-21      100%        5
 Metabolic Englaciation   Hex/Ice        0%         N/A       100%        5
 Silence                  Hex/Air        0%         N/A       100%        5
 Summon Forest            Summ/Tloc      0%         N/A       100%        5
 Summon Mana Viper        Hex/Summ       0%         N/A       100%        5
 Yara's Violent Unravell  Hex/Tmut       0%         3d3       100%        5
 Death Channel            Necr           0%         N/A       100%        6
 Dispersal                Tloc           0%         N/A       100%        6
 Eringya's Noxious Bog    Tmut/Pois      0%         4d6       100%        6
 Leda's Unmaking          Conj/Erth      0%         9d1       100%        6
 Plasma Beam              Fire/Air       0%         2x1d10    100%        6
 Simulacrum               Ice/Necr       0%         N/A       100%        6
 Starburst                Conj/Fire      0%         6d3       100%        6
 Enfeeble                 Hex            0%         N/A       100%        7
 Monstrous Menagerie      Summ           0%         N/A       100%        7
 Orb of Destruction       Conj           0%         9d5       100%        7
 Spellforged Servitor     Conj/Summ      0%         N/A       100%        7
 Borgnjor's Revivificati  Necr           0%         N/A       100%        8
 Discord                  Hex            0%         N/A       100%        8
 Disjunction              Tloc           0%         N/A       100%        8
 Ignition                 Fire           0%         3d3       100%        8
 Lehudib's Crystal Spear  Conj/Erth      0%         10d2      100%        8
 Maxwell's Capacitive Co  Air            0%         ∞         100%        8
 Dragon's Call            Summ           0%         N/A       100%        9
 Fire Storm               Conj/Fire      0%         5d1       100%        9
 Polar Vortex             Ice            0%         N/A       100%        9


Dungeon Overview and Level Annotations

Branches:
Dungeon (15/15)            Temple (1/1) D:5            Lair (5/5) D:8
  Swamp (4/4) Lair:2       Spider (4/4) Lair:3        Slime (5/5) Lair:4
    Orc (2/2) D:12            Elf (3/3) Orc:2        Vaults (5/5) D:13
  Crypt (0/3) Vaults:2     Depths (4/4) D:15           Hell (visited)
    Dis (0/7) Hell            Geh (0/7) Hell            Coc (0/7) Hell
    Tar (0/7) Hell            Zot (5/5) Depths:4     Bailey (visited)
  IceCv (visited)         Gauntlet (visited)

Altars:
Ashenzari
Cheibriados
Dithmenos
Fedhas
Gozag
Hepliaklqana
Kikubaaqudgha
Makhleb
Nemelex Xobeh
Okawaru
Qazlal
Ru
Sif Muna
Trog
Uskayaw
Vehumet
Wu Jian
Xom
Yredelemnul
Jiyva

Shops:
D:6 *   D:9 *   Orc:2 [?[([   Elf:2 [   Elf:3 !   Vaults:1 [   Vaults:4 !
Depths:4 (

Portals:
Hell: Depths:1 Depths:2 Depths:3 Depths:4
Abyss: Depths:2 Depths:3
Pandemonium: Depths:1 Depths:2 Depths:4

Annotations:
D:8 3 runed translucent doors, AtlasWard's ghost, novice DrMo
Temple 2 transporters


Innate Abilities, Weirdness & Mutations

You have a pair of large horns on your head.
You frequently emit foul miasma when damaged in melee.
Your magical and physical power is greatly enhanced at high health.
When hurt, damage is shared between your health and your magic reserves.
You regenerate magic rapidly.
When low on magic, you restore magic in place of health.
Your movements are significantly less encumbered by armour. (ER -6)
Your body often deteriorates upon taking damage.
You are dopey. (Int -2)
Your flesh is heat resistant. (rF+)
You passively map a large area around you.
You occasionally shout uncontrollably at your foes.
You are occasionally teleported next to monsters.
You are weak. (Str -2)
Your spells are a little easier to cast, but a little less powerful.
You expend magic power (3 MP) to strengthen your wands.


Message History

The vault warden is almost dead.
The cutting wind hits the yaktaur!
The yaktaur is heavily wounded.
The cutting wind hits the ancient lich!!
The ancient lich is moderately damaged.
The swamp dragon changes into a wind drake!
The slime creature changes into a two-headed ogre!
The ancient lich is engulfed in blazing flames.
You block the ancient lich's attack. x2
The vault warden is engulfed in blazing flames.
The dread lich is engulfed in blazing flames.
The frost giant is engulfed in blazing flames.
The lorocyproca is engulfed in blazing flames.
The yaktaur captain is engulfed in blazing flames.
The dread lich touches you.
* * * LOW HITPOINT WARNING * * *
The Brimstone Fiend misses you.
The Brimstone Fiend hits you but does no damage.
You block the Brimstone Fiend's attack.
The ancient lich is engulfed in blazing flames.
The ancient lich misses you.
You hit the ancient lich but do no damage.
Your headbutt misses the ancient lich.
The ancient lich is severely damaged.
You hit the Brimstone Fiend but do no damage.
You hit the dread lich.
You hit the ancient lich but do no damage.
You closely miss the dread lich.
The ancient lich is engulfed in a thunderstorm.
You block the ancient lich's attack.
The dread lich is engulfed in blazing flames.
You block the dread lich's attack.
The frost giant is engulfed in blazing flames.
The lorocyproca is engulfed in blazing flames.
The ancient lich is engulfed in blazing flames.
The ancient lich points at you and mumbles some strange words.
The bolt of acid hits you!!!
You die...
Bones file is buggy: /crawl-master/crawl-git/saves/bones/bones.store.Zig Clearing bad bones file: /crawl-master/crawl-git/saves/bones/bones.store.Zig

▓▓▓▓▓▓▓* *
▓▓###c... * *
▓▓.#2#O... *
**
▓▓..###°...
** ,,*
▓▓.°LLC.°c○.
, ,
▓▓...@LLcc§k○
, , ,
▓.∩○.1Lp22§..
, ,
▓▓...☼§LC§§°°
,
▓▓..........,
, , *
▓▓..###....,
▓▓.#L#....,*,
* ▓▓###....
▓▓▓▓▓▓▓


You could see 3 ancient liches, 4 dread liches, a frost giant, a Brimstone Fiend
(summoned), a fire giant (inner flame), a vault warden, a yaktaur captain
(summoned), a lorocyproca (summoned, invisible), a wind drake shaped shifter, a
two-headed ogre shaped shifter (summoned), a shadow demon (inner flame), 3
yaktaurs and a tormentor (summoned).

Vanquished Creatures
  the Royal Jelly (Slime:5)
  5 dread liches
  5 orbs of fire (Zot:5)
  6 ancient liches
  2 juggernauts
  Parghit (Depths:3)
  Bai Suzhen (Vaults:4)
  4 shard shrikes
  6 Killer Klowns
  4 curse toes
  A caustic shrike (Depths:2)
  8 golden dragons
  A profane servitor (Abyss:4)
  Nikola (Swamp:2)
  5 bone dragons
  The ghost of Soammui the Slayer, an adept MiBe of Trog (Elf:2)
  3 doom hounds (Depths:3)
  A Brimstone Fiend (Zig:6)
  5 electric golems
  Jorgrun (Orc:1)
  4 hellephants
  A Hell Sentinel (Abyss:4)
  20 tentacled monstrosities
  Mlioglotl (Swamp:4)
  An Ice Fiend (Zig:8)
  Murray (Depths:4)
  9 liches
  24 Orb Guardians (Zot:5)
  Grunn (Depths:3)
  5 deep elf blademasters
  5 titans
  3 quicksilver dragons
  10 sphinxes
  5 searing wretches
  23 acid blobs
  18 tentacled starspawn
  A deep elf master archer (Elf:3)
  3 Executioners
  2 ancient champions (Zig:5)
  Gastronok (Orc:1)
  10 death cobs
  11 tengu reavers
  2 thorn hunters
  15 shadow dragons
  12 storm dragons
  2 narguns (Zig:7)
  8 azure jellies
  3 draconian knights
  7 fire giants
  11 rockslimes
  2 draconian monks
  The ghost of timneilson the Peltast, an adept GrFi of Okawaru (Depths:2)
  Roxanne (Swamp:2)
  4 deep elf sorcerers
  A daeva (Abyss:3)
  4 frost giants
  7 draconian shifters
  4 emperor scorpions
  7 balrugs
  4 draconian scorchers
  2 iron dragons (Hell)
  Louise (Elf:2)
  4 deep elf elementalists (Elf:3)
  7 draconian annihilators
  17 vault wardens
  A ghoul (Abyss:3)
  A curse skull (Depths:4)
  6 ghost moths
  6 draconian stormcallers
  18 quicksilver oozes
  2 cacodemons (Abyss:3)
  3 caustic shrike skeletons
  5 spriggan defenders
  2 war gargoyles
  A caustic shrike zombie (Depths:3)
  A formless jellyfish (Vaults:3)
  25 ironbound preservers
  32 very ugly things
  8 ironbound thunderhulks
  16 stone giants
  An orc warlord (Vaults:3)
  A starflower (Abyss:3)
  4 vampire knights
  4 reapers
  A broodmother (Spider:3)
  3 eleionomae
  18 green draconians
  9 black draconians
  7 deep elf demonologists
  2 deep elf annihilators (Elf:3)
  11 red draconians
  The ghost of LobsterGuardian the Cleaver, a journeyman GnCA of Ignis (Lair:1)
  4 dire elephants
  8 spark wasps
  3 lorocyprocas
  12 yellow draconians
  The ghost of Aj7335 the Severer, a journeyman MiBe of Trog (D:10)
  4 bunyips
  A minotaur (Gauntlet)
  A wendigo (Zig:7)
  8 purple draconians
  6 deep elf death magi
  11 white draconians
  An ettin (shapeshifter) (Vaults:5)
  A spectral quicksilver dragon (Depths:2)
  A merfolk javelineer (Depths:2)
  3 blizzard demons
  3 iron golems
  19 ettins
  2 eidola
  2 crystal guardians
  3 fire dragons
  7 ice dragons
  17 yaktaur captains
  15 great orbs of eyes
  2 shambling mangroves (Swamp:4)
  5 deep elf high priests
  4 entropy weavers
  Josephine (Orc:1)
  A kraken zombie (Hell)
  4 spectral tengu (Depths:2)
  Erolcha (D:10)
  2 spriggan zombies
  14 hydras
  A salamander tyrant (Depths:4)
  A quicksilver dragon skeleton (Depths:3)
  3 peacekeepers
  9 rakshasas
  8 boulder beetles
  2 radroaches
  2 spriggan air magi (Depths:3)
  An ice dragon (shapeshifter) (Depths:2)
  3 ogre magi
  9 centaur warriors
  37 vault guards
  2 catoblepae
  A ghost crab (Swamp:4)
  A jorogumo (Spider:2)
  11 ironbound frosthearts
  An anaconda (shapeshifter) (Vaults:5)
  12 two-headed ogres
  6 alligators
  A stoker (Depths:4)
  7 deep troll shamans
  9 hell hogs
  A vampire mage (Zig:5)
  9 death scarabs (Spider:4)
  4 satyrs
  3 tengu warriors
  12 demonic crawlers
  10 deep troll earth magi
  4 spriggan berserkers
  36 dancing weapons
  2 death yaks (Lair:3)
  A naga sharpshooter (Zig:4)
  13 hell knights
  17 deep elf knights
  20 thrashing horrors
  15 iron trolls
  15 sun demons
  Sonja (Lair:3)
  2 shadow wraiths
  A shock serpent (shapeshifter) (Vaults:1)
  3 skysharks (Lair:5)
  3 sun moths
  4 soul eaters
  2 spatial maelstroms (Abyss:3)
  9 goliath frogs
  9 sixfirhies
  25 wretched stars
  3 pharaoh ants
  A golden dragon zombie (Hell)
  3 glowing orange brains
  An anaconda zombie (Hell)
  70 deep trolls
  2 obsidian statues (Zig:1)
  2 death drakes (Abyss:3)
  2 spark wasp zombies (Hell)
  4 shadow demons (Abyss:3)
  2 flayed ghosts (Depths:2)
  14 ironbound convokers
  A spriggan druid (Swamp:4)
  5 orb spiders
  14 lindwurms
  13 swamp dragons
  9 wizards
  3 bog bodies (Swamp:4)
  6 steelbarb worms
  15 deep elf archers
  7 phantasmal warriors
  39 deep elf pyromancers
  4 necromancers
  4 orange crystal statues
  A spectral jorogumo (Spider:4)
  2 spectral wolf spiders (Spider:4)
  A lindwurm (shapeshifter) (Depths:3)
  3 orc knights
  26 deep elf zephyrmancers
  An alligator zombie (Hell)
  6 will-o-the-wisps
  A faun (shapeshifter) (Elf:3)
  2 shining eyes (shapeshifter)
  A cyclops (shapeshifter) (Depths:2)
  A stone giant zombie (Hell)
  5 orc sorcerers
  A shadow dragon skeleton (Depths:3)
  16 wolf spiders
  4 manticores
  2 shining eyes
  9 cyclopes
  25 ugly things
  11 worldbinders
  A frost giant zombie (Hell)
  A manticore (shapeshifter) (Zig:11)
  A moth of wrath (shapeshifter) (D:15)
  Maurice (D:8)
  2 salamanders (Depths:4)
  An elephant (shapeshifter) (Vaults:3)
  A fire giant zombie (Hell)
  7 elephants
  4 black mambas
  25 moths of wrath
  Joseph (D:8)
  2 eyes of devastation (shapeshifter)
  2 water nymphs (Abyss:4)
  6 apocalypse crabs
  9 rust devils
  5 torpor snails
  2 ice statues
  17 cane toads
  A titan simulacrum (Depths:2)
  2 orange demons (Abyss:3)
  4 unseen horrors
  4 gargoyles
  19 vault sentinels
  23 smoke demons
  Maggie (Lair:1)
  A naga skeleton (Abyss:4)
  A hellion (Zig:7)
  4 rime drakes
  9 komodo dragons
  2 minotaur zombies (Gauntlet)
  2 dire elephant skeletons
  2 efreet (D:13)
  7 kobold demonologists
  A spectral redback (Spider:4)
  28 yaktaurs
  A spectral glowing shapeshifter (Depths:2)
  7 freezing wraiths
  2 ice devils
  3 hydra zombies (Hell)
  3 tengu conjurers
  12 trolls
  A sea snake skeleton (Hell)
  An anaconda simulacrum (Abyss:3)
  A meliai (Zig:9)
  A guardian mummy (Vaults:2)
  51 large abominations
  A shadow dragon simulacrum (Depths:2)
  9 hellwings
  16 ancient zymes
  4 spectral jumping spiders (Spider:4)
  A wind drake (shapeshifter) (D:15)
  49 blink frogs
  9 tyrant leeches
  A spectral culicivora (Spider:4)
  4 spectral tarantellas (Spider:4)
  21 hornets
  3 polar bears
  2 hydra skeletons
  32 tarantellas
  2 harpy skeletons
  4 dream sheep
  Prince Ribbit (Bailey)
  2 tarantella zombies (Spider:4)
  2 dream sheep (shapeshifter)
  3 culicivora zombies (Spider:4)
  A jumping spider zombie (Spider:4)
  A frost giant simulacrum (Depths:3)
  33 raiju
  15 flying skulls
  2 shadows
  20 jumping spiders
  11 culicivoras
  12 water elementals
  3 air elementals
  2 slime creatures (shapeshifter)
  86 slime creatures
  18 spriggans
  11 wraiths
  A fire bat (Abyss:3)
  2 vampires
  3 basilisks
  6 wyverns
  A wyvern (shapeshifter) (D:15)
  8 ynoxinuls
  7 golden eyes
  7 fire elementals
  6 humans (Bailey)
  A basilisk (shapeshifter) (D:14)
  8 chaos spawn
  34 yaks
  A steam dragon (Gauntlet)
  A redback (shapeshifter) (Vaults:3)
  2 harpy simulacra
  46 redbacks
  13 vampire mosquitoes
  9 neqoxecs
  3 wargs
  3 glowing shapeshifter zombies (Hell)
  A hydra simulacrum (Abyss:3)
  4 spatial vortices (Abyss:3)
  19 water moccasins
  9 swamp worms
  A floating eye (Slime:5)
  Duvessa (D:5)
  4 black bears
  3 acid dragons
  8 swamp drakes
  6 ice beasts
  22 orc warriors
  4 great orb of eyes simulacra (IceCv)
  A boggart (Vaults:1)
  3 sky beasts
  13 centaurs
  9 wolves
  20 ogres
  A centaur (shapeshifter) (D:13)
  2 slime creature simulacra (IceCv)
  72 starcursed masses
  6 phantoms
  27 bullfrogs
  4 kobold brigands
  3 gnoll sergeants
  7 earth elementals
  2 scorpions
  6 glowing shapeshifter simulacra (IceCv)
  33 small abominations
  7 wights
  Dowan (D:5)
  A troll zombie (D:12)
  4 killer bees (D:11)
  4 howler monkeys
  6 electric eels
  2 quasits
  6 hounds
  3 jellies
  7 orc priests
  A gnoll bouda (D:6)
  2 iguanas
  3 iron imps (Abyss:3)
  2 sleepcaps
  16 orc wizards
  3 hell rats
  7 ogre zombies (D:12)
  13 gnolls
  4 adders
  2 shadow imps
  4 white imps
  3 ufetubi
  A worm (D:5)
  3 dart slugs
  69 orcs
  4 endoplasms
  3 giant cockroaches
  11 goblins
  23 hobgoblins
  A jackal (D:3)
  5 quokkas
  12 ball pythons
  3 bats
  2 frilled lizards
  A goblin skeleton (D:12)
  A goblin zombie (D:12)
  4 hobgoblin skeletons (D:12)
  2 hobgoblin zombies (D:12)
  25 kobolds
  3 orc skeletons (D:12)
  14 orc zombies (D:12)
  7 rats
  3 butterflies (Lair:3)
  4 lurking horrors
  26 starspawn tentacles
  2 tentacles (Hell)
2839 creatures vanquished.

Vanquished Creatures (collateral kills)
  Geryon (Hell)
  A bone dragon (Depths:4)
  Arachne (Spider:2)
  A tentacled monstrosity (Zot:5)
  An Orb Guardian (Zot:5)
  An acid blob (Slime:5)
  A sphinx (Depths:3)
  A tengu reaver (Vaults:5)
  A shadow dragon (Vaults:5)
  A deep elf sorcerer (Elf:3)
  A balrug (Hell)
  2 deep elf elementalists (Elf:3)
  An ironbound preserver (Vaults:3)
  A stone giant (Depths:2)
  2 deep elf demonologists (Elf:3)
  A very ugly thing (Depths:1)
  A purple draconian (Zot:2)
  A red draconian (Zot:2)
  A deep elf annihilator (Elf:3)
  A bunyip (Swamp:4)
  2 deep elf death magi (Elf:3)
  A fire dragon (Depths:3)
  A yaktaur captain (Vaults:5)
  A spectral tengu (Depths:2)
  2 vault guards (Vaults:5)
  3 hydras
  A death yak (Lair:3)
  2 dancing weapons (Elf:2)
  A sun demon (Abyss:4)
  A spectral storm dragon (Depths:2)
  A hell knight (Depths:2)
  An orb spider (shapeshifter) (D:13)
  A phantasmal warrior (Vaults:3)
  A cyclops (Orc:2)
  6 ugly things
  A vault sentinel (Vaults:3)
  An ice statue (Spider:2)
  A tengu conjurer (Depths:1)
  3 trolls
  A hornet (Swamp:4)
  A polar bear (Lair:5)
  A raiju (shapeshifter) (D:15)
  2 slime creatures (Slime:2)
  2 culicivoras
  A small abomination (Abyss:4)
  A ynoxinul (Abyss:3)
  3 yaks (Lair:5)
  5 starcursed masses (Abyss:4)
  A basilisk (D:13)
  A redback (Spider:2)
  A chaos spawn (Abyss:3)
  2 orc warriors
  2 black bears (Lair:2)
  3 ogres (Orc:2)
  A glowing shapeshifter simulacrum (Depths:2)
  2 orc priests
  An orc wizard (Orc:1)
  A hell rat (Hell)
  2 orcs (D:11)
87 creatures vanquished.

Vanquished Creatures (others)
  Xtahua (Vaults:5)
  A bone dragon (Abyss:3)
  A lich (Vaults:1)
  A draconian knight (Zig:10)
  A war gargoyle (Vaults:3)
  A green draconian (Zot:2)
  A deep elf knight (Elf:2)
  A deep troll (Depths:1)
  A deep elf pyromancer (Elf:3)
  A deep elf zephyrmancer (Elf:2)
  3 bloated husks
  A hornet (Swamp:4)
  A raiju (Gauntlet)
  A tyrant leech (Swamp:4)
  A slime creature (IceCv)
  A water elemental (Abyss:3)
  A steam dragon (Gauntlet)
  A golden eye (Abyss:3)
  A wight (Abyss:4)
  An orc priest (Orc:1)
  An iron imp (Abyss:4)
  An orc wizard (D:4)
  A hell rat (Hell)
  An orc (Orc:1)
  28 foxfires
  A lurking horror (Abyss:3)
  37 starspawn tentacles
  2 tentacles (Hell)
94 creatures vanquished.

Grand Total: 3020 creatures vanquished

Notes
Turn   | Place    | Note
-------+----------+-------------------------------------------
     0 | D:1      | jlumianski the Demonspawn Fighter began the quest for the
                  | Orb.
     0 | D:1      | Reached XP level 1. HP: 18/18 MP: 1/1
   112 | D:1      | Gained mutation: You regenerate magic rapidly. [demonic
                  | ancestry]
   112 | D:1      | Reached XP level 2. HP: 18/24 MP: 2/2
   839 | D:2      | Reached XP level 3. HP: 29/29 MP: 3/3
  1396 | D:2      | You fall into a shaft and drop 2 floors!
  1427 | D:4      | Noticed a phantom
  1442 | D:4      | Killed a phantom
  1443 | D:4      | Gained mutation: You may rarely emit foul miasma when
                  | damaged in melee. [demonic ancestry]
  1443 | D:4      | Reached XP level 4. HP: 25/35 MP: 4/4
  1451 | D:4      | Reached skill level 3 in Shields
  1568 | D:2      | Gained mutation: Your movements are slightly less
                  | encumbered by armour. (ER -2) [demonic ancestry]
  1568 | D:2      | Reached XP level 5. HP: 41/41 MP: 5/5
  1749 | D:3      | Found a faded altar of an unknown god.
  1799 | D:3      | Found an ancient bone altar of Kikubaaqudgha.
  1879 | D:3      | Noticed a phantom
  1898 | D:3      | Killed a phantom
  2592 | D:5      | Entered Level 5 of the Dungeon
  2592 | D:5      | Noticed Duvessa
  2592 | D:5      | Noticed a phantom
  2594 | D:5      | Noticed Dowan
  2606 | D:4      | Killed a phantom
  2607 | D:4      | Gained mutation: You sometimes emit foul miasma when
                  | damaged in melee. [demonic ancestry]
  2607 | D:4      | Reached XP level 6. HP: 47/48 MP: 6/6
  2619 | D:4      | Got An Induction into Witchery
  3274 | D:5      | Killed Dowan
  3275 | D:5      | Reached skill level 1 in Dodging
  3275 | D:5      | Killed Duvessa
  3276 | D:5      | Gained mutation: Your movements are less encumbered by
                  | armour. (ER -4) [demonic ancestry]
  3276 | D:5      | Reached XP level 7. HP: 20/54 MP: 7/7
  3276 | D:5      | Found a staircase to the Ecumenical Temple.
  3297 | Temple   | Found a transporter.
  3297 | Temple   | Found a transporter.
  3297 | Temple   | Found a transporter.
  3297 | Temple   | Found a transporter.
  3297 | Temple   | Entered the Ecumenical Temple
  3329 | Temple   | Became a worshipper of Qazlal Stormbringer
  3462 | D:4      | Reached skill level 5 in Axes
  3746 | D:6      | Found Yxis Oskas's Assorted Antiques.
  3779 | D:6      | Bought a scroll of identify for 38 gold pieces
  3779 | D:6      | Bought a bound granite ring for 95 gold pieces
  3779 | D:6      | Identified the ring "Quivob" {Ice Str+3 SInv} (You bought
                  | it in a shop on level 6 of the Dungeon)
  3779 | D:6      | Bought a scroll labelled VOSIORHAABO for 19 gold pieces
  4055 | D:5      | Reached skill level 5 in Fighting
  4055 | D:5      | Gained mutation: Your movements are significantly less
                  | encumbered by armour. (ER -6) [demonic ancestry]
  4055 | D:5      | Reached XP level 8. HP: 45/62 MP: 8/8
  4064 | D:5      | Reached skill level 4 in Shields
  4960 | D:7      | Reached skill level 1 in Invocations
  4967 | D:7      | Reached * piety under Qazlal
  5005 | D:7      | Found a flagged portal.
  5023 | Bailey   | Entered a bailey
  5030 | Bailey   | Reached skill level 1 in Throwing
  5047 | Bailey   | Reached skill level 5 in Armour
  5047 | Bailey   | Gained mutation: You have a pair of small horns on your
                  | head. [demonic ancestry]
  5047 | Bailey   | Reached XP level 9. HP: 18/69 MP: 9/11
  5436 | Bailey   | Reached skill level 5 in Shields
  5513 | Bailey   | Noticed Prince Ribbit
  5523 | Bailey   | Killed Prince Ribbit
  5524 | Bailey   | Noticed a vault guard
  5713 | Bailey   | Reached ** piety under Qazlal
  5778 | Bailey   | Killed a vault guard
  5779 | Bailey   | Gained mutation: You have a pair of horns on your head.
                  | [demonic ancestry]
  5779 | Bailey   | Reached XP level 10. HP: 38/79 MP: 13/13
  5912 | Bailey   | Noticed a vault guard
  5921 | Bailey   | Killed a vault guard
  5922 | Bailey   | Reached skill level 6 in Shields
  6042 | D:8      | Noticed a cyan ugly thing
  6042 | D:8      | Found a runed translucent gate.
  6042 | D:8      | Found a runed translucent gate.
  6042 | D:8      | Found a runed translucent gate.
  6291 | D:7      | Acquired a manual of Axes
  6491 | D:6      | Paralysed by a hornet for 2 turns
  6734 | D:6      | Reached skill level 10 in Axes
  6734 | D:6      | Reached skill level 7 in Shields
  6734 | D:6      | Reached XP level 11. HP: 89/89 MP: 13/15
  6735 | D:6      | Reached skill level 10 in Fighting
  6735 | D:6      | Reached skill level 8 in Shields
  6735 | D:6      | Gained mutation: You have a pair of large horns on your
                  | head. [demonic ancestry]
  6735 | D:6      | Reached XP level 12. HP: 98/98 MP: 13/18
  7447 | D:6      | Reached *** piety under Qazlal
  7470 | D:6      | Bought an ichor-stained plate armour for 532 gold pieces
  7470 | D:6      | Identified the +5 plate armour "Biz Saec" {Rampage Int+4}
                  | (You bought it in a shop on level 6 of the Dungeon)
  8531 | D:8      | Noticed Joseph
  8533 | D:8      | Found a staircase to the Lair.
  8563 | D:8      | Killed Joseph
  8570 | D:8      | Reached skill level 9 in Shields
  8819 | D:8      | Noticed Maurice
  8849 | D:8      | Killed Maurice
  9071 | D:8      | Found a runed translucent gate.
  9071 | D:8      | Found a runed translucent gate.
  9075 | D:8      | Found a runed translucent gate.
  9078 | D:8      | Noticed AtlasWard's ghost (novice DrMo)
  9268 | D:9      | Found a blossoming altar of Fedhas.
  9274 | D:9      | Found a broken altar of Ashenzari.
  9276 | D:9      | Noticed a two-headed ogre
  9289 | D:9      | Killed a two-headed ogre
  9319 | D:9      | Found Risavoj's Gadget Gallery.
  9364 | D:9      | Reached **** piety under Qazlal
  9379 | D:9      | Gained mutation: You frequently emit foul miasma when
                  | damaged in melee. [demonic ancestry]
  9379 | D:9      | Reached XP level 13. HP: 85/105 MP: 20/20
  9492 | D:10     | Entered Level 10 of the Dungeon
  9574 | D:9      | Identified the +4 war axe "Lacertilianslayer" {heavy, Fly
                  | rElec rCorr Int-3}
  9769 | D:9      | Found an iron altar of Okawaru.
 10082 | D:12     | Reached skill level 10 in Invocations
 10164 | D:10     | Found an ornate altar of the Wu Jian Council.
 10402 | D:10     | Noticed Erolcha
 10413 | D:10     | Killed Erolcha
 10787 | D:10     | Acquired the amulet "Fiolonau" {Reflect +Inv rN+ Will-
                  | SH+5}
 10985 | D:11     | Found a runed translucent gate.
 10985 | D:11     | Noticed Aj7335's ghost (journeyman MiBe)
 10989 | D:11     | Found a runed translucent gate.
 10990 | D:11     | Found a runed translucent gate.
 11298 | D:11     | Found a sparkling altar of Nemelex Xobeh.
 11339 | D:12     | Reached skill level 10 in Shields
 11660 | D:11     | Identified the +0 plate armour "Xujuash" {-Cast Rampage rN+
                  | Will+}
 11731 | D:10     | Killed Aj7335's ghost
 11993 | D:12     | Reached skill level 1 in Evocations
 12240 | D:12     | Found a staircase to the Orcish Mines.
 12249 | D:12     | Reached ***** piety under Qazlal
 12383 | D:12     | Found a sacrificial altar of Ru.
 13011 | D:13     | Gained mutation: Your magical and physical power is
                  | slightly enhanced at high health. [demonic ancestry]
 13011 | D:13     | Reached XP level 14. HP: 105/115 MP: 22/22
 13100 | D:13     | Reached skill level 11 in Shields
 13459 | D:13     | Found a gate to the Vaults.
 13591 | D:13     | Found an iron altar of Okawaru.
 13715 | Lair:1   | Entered Level 1 of the Lair of Beasts
 13761 | Lair:1   | Found a runed translucent gate.
 13761 | Lair:1   | Found a runed translucent gate.
 13761 | Lair:1   | Found a runed translucent gate.
 13764 | Lair:1   | Noticed LobsterGuardian's ghost (journeyman GnCA)
 13793 | Lair:1   | Found a gate leading to a gauntlet.
 13809 | Gauntlet | Entered a Gauntlet
 13809 | Gauntlet | Found a transporter.
 13809 | Gauntlet | Found a transporter.
 13822 | Gauntlet | Found a transporter.
 13823 | Gauntlet | Found a transporter.
 13831 | Gauntlet | Found a transporter.
 13835 | Gauntlet | Found a transporter.
 13844 | Gauntlet | Found a transporter.
 13860 | Gauntlet | Found a transporter.
 13913 | Gauntlet | Found a transporter.
 13917 | Gauntlet | Found a transporter.
 13925 | Gauntlet | Found a transporter.
 13929 | Gauntlet | Found a transporter.
 14060 | Gauntlet | Identified the amulet "Qechy" {Contam rF+ Regen+ Str+4}
 14091 | Gauntlet | Identified the +1 helmet of Waoklus {Contam Harm +Blink
                  | Regen+}
 14145 | Gauntlet | Identified the ring of Yesterday {Fire rPois Dex+4}
 14415 | Lair:1   | Upgraded the game from 0.31-a0-640-g39d97e502b to
                  | 0.31-a0-654-gbe3e110b4e
 14709 | Lair:1   | You are sucked into a shaft and drop 1 floor!
 15174 | Lair:1   | Noticed Maggie
 15184 | Lair:1   | Killed Maggie
 15517 | Lair:1   | Killed LobsterGuardian's ghost
 15699 | Lair:4   | Found a viscous altar of Jiyva.
 15699 | Lair:4   | Found a staircase to the Slime Pits.
 15788 | Lair:2   | Found a staircase to the Swamp.
 15924 | Lair:3   | Noticed Sonja
 15932 | Lair:3   | Killed Sonja
 16118 | Lair:2   | Reached skill level 15 in Axes
 16321 | Lair:3   | Reached skill level 12 in Shields
 16421 | Lair:3   | Found a hole to the Spider Nest.
 17022 | Lair:5   | Entered Level 5 of the Lair of Beasts
 17027 | Lair:5   | Reached XP level 15. HP: 116/122 MP: 24/24
 17057 | Lair:5   | Reached skill level 5 in Evocations
 17612 | Lair:4   | Reached skill level 13 in Shields
 18032 | Lair:5   | Identified the +5 ring mail "Nianitiv" {-Tele rPois rC++
                  | rN+}
 18582 | Orc:1    | Entered Level 1 of the Orcish Mines
 18605 | D:12     | Reached ****** piety under Qazlal
 18628 | Orc:1    | Noticed Josephine
 18649 | Orc:1    | Killed Josephine
 18668 | Orc:1    | Noticed Jorgrun
 18748 | Orc:1    | Noticed Gastronok
 18754 | Orc:1    | Killed Jorgrun
 18793 | Orc:1    | Killed Gastronok
 19189 | Orc:2    | Entered Level 2 of the Orcish Mines
 19312 | Orc:2    | Gained mutation: When hurt, damage is shared between your
                  | health and your magic reserves. [demonic ancestry]
 19312 | Orc:2    | Reached XP level 16. HP: 124/132 MP: 25/25
 19386 | Orc:2    | Found Mess's Magic Scroll Emporium.
 19388 | Orc:2    | Found Buweahuf's Antique Armour Emporium.
 19391 | Orc:2    | Found Vadohe's Antique Weapon Boutique.
 19396 | Orc:2    | Found Unkim Nymm's Armour Shoppe.
 19421 | Orc:2    | Bought 2 scrolls of enchant weapon for 195 gold pieces
 19421 | Orc:2    | Bought a scroll of immolation for 52 gold pieces
 19421 | Orc:2    | Bought a scroll of teleportation for 39 gold pieces
 19421 | Orc:2    | Bought a scroll of revelation for 97 gold pieces
 19426 | Orc:2    | Bought a pair of embroidered gloves for 202 gold pieces
 19515 | Orc:2    | Found Waurph's Antique Armour Shop.
 19560 | Orc:2    | Found a staircase to the Elven Halls.
 20001 | D:14     | Reached skill level 14 in Shields
 20072 | D:15     | Entered Level 15 of the Dungeon
 20853 | D:15     | Identified the +8 spear "Pouriluam" {holy, Str+3 Stlth+}
 21243 | D:15     | Found a staircase to the Depths.
 21826 | Swamp:1  | Entered Level 1 of the Swamp
 22047 | Lair:2   | Reached skill level 1 in Long Blades
 22188 | Swamp:2  | Noticed Nikola
 22192 | Swamp:2  | Reached skill level 15 in Shields
 22197 | Swamp:2  | Killed Nikola
 22531 | Swamp:1  | Identified the +1 ring mail of Hoammo {Will+}
 22555 | Swamp:1  | Acquired a manual of Dodging
 22965 | Swamp:2  | Noticed Roxanne
 23065 | Swamp:2  | Killed Roxanne
 23392 | Swamp:4  | Entered Level 4 of the Swamp
 23610 | Swamp:4  | Noticed Mlioglotl
 23871 | Swamp:4  | Got the Elucidation of Battling and the Damned
 23944 | Swamp:4  | Reached XP level 17. HP: 140/140 MP: 27/27
 23955 | Swamp:4  | Killed Mlioglotl
 24649 | Swamp:4  | Got a decaying rune of Zot
 24962 | Spider:1 | Entered Level 1 of the Spider Nest
 25060 | Spider:1 | Reached skill level 16 in Shields
 25152 | Spider:2 | Identified the ring "Iberar" {Fly Stlth+}
 25162 | Spider:2 | Found a frozen archway.
 25191 | IceCv    | Entered an ice cave
 25417 | IceCv    | Found a viscous altar of Jiyva.
 25453 | IceCv    | Identified the +0 buckler of Hadjma {Rampage rN+}
 25789 | Spider:1 | Reached skill level 5 in Dodging
 25900 | Spider:1 | Reached skill level 15 in Fighting
 26433 | Spider:3 | Noticed Arachne
 26491 | Spider:3 | Reached skill level 15 in Invocations
 26491 | Spider:3 | Reached XP level 18. HP: 149/149 MP: 29/29
 26642 | Spider:2 | Reached skill level 10 in Armour
 26973 | Spider:2 | Killed Arachne
 27188 | Spider:4 | Entered Level 4 of the Spider Nest
 27944 | Spider:4 | Reached skill level 17 in Shields
 28633 | Spider:4 | Got a gossamer rune of Zot
 29202 | Elf:1    | Entered Level 1 of the Elven Halls
 29752 | Elf:1    | Noticed a Tzitzimitl
 29759 | Elf:1    | You fall into a shaft and drop 1 floor!
 29764 | Elf:2    | Found a runed translucent gate.
 29764 | Elf:2    | Found a runed translucent gate.
 29764 | Elf:2    | Found a runed translucent gate.
 29764 | Elf:2    | Noticed Louise
 29767 | Elf:2    | HP: 7/147 [+0 scimitar of freezing (7)]
 29779 | Elf:2    | HP: 2/147 [deep elf zephyrmancer/bolt of lightning (15)]
 29881 | Elf:2    | Paralysed by an air elemental for 1 turns
 29889 | Elf:2    | Gained mutation: When low on magic, you restore magic in
                  | place of health. [demonic ancestry]
 29889 | Elf:2    | Reached XP level 19. HP: 138/155 MP: 19/30
 30271 | Abyss:2  | Cast into level 2 of the Abyss (a deep elf sorcerer)
 30277 | Elf:2    | Escaped the Abyss
 30329 | Elf:2    | Found Cusub's Antique Armour Shop.
 30338 | Elf:2    | Bought a pair of glowing gloves for 180 gold pieces
 30542 | Elf:2    | Killed Louise
 30612 | Elf:2    | Reached skill level 18 in Shields
 30788 | Elf:2    | Reached skill level 10 in Evocations
 31000 | Elf:2    | Found a runed translucent door.
 31000 | Elf:2    | Found a shimmering altar of Xom.
 31000 | Elf:2    | Noticed Soammui's ghost (adept MiBe)
 31038 | Elf:2    | Killed Soammui's ghost
 31237 | Elf:3    | Entered Level 3 of the Elven Halls
 32004 | Elf:3    | Found Lankomn's Distillery.
 32007 | Elf:3    | Bought a potion of heal wounds for 85 gold pieces
 32007 | Elf:3    | Bought a potion of heal wounds for 85 gold pieces
 32007 | Elf:3    | Bought a potion of heal wounds for 85 gold pieces
 32007 | Elf:3    | Bought a potion of heal wounds for 85 gold pieces
 32069 | Abyss:3  | Cast into level 3 of the Abyss (a deep elf demonologist)
 32073 | Abyss:3  | Found a corrupted altar of Lugonu.
 32081 | Abyss:3  | Found a corrupted altar of Lugonu.
 32100 | Abyss:3  | Found a corrupted altar of Lugonu.
 32269 | Elf:3    | Escaped the Abyss
 32474 | Elf:3    | Gained mutation: Your magical and physical power is
                  | enhanced at high health. [demonic ancestry]
 32474 | Elf:3    | Reached XP level 20. HP: 166/166 MP: 32/32
 32532 | Elf:3    | Identified the +0 cloak "Duaxadin" {Harm}
 32727 | Elf:2    | Found a shimmering blue altar of Sif Muna.
 32822 | Elf:3    | Identified the +10 quarterstaff "Ceyplag" {chaos, rC+
                  | Will+}
 32823 | Elf:3    | Identified the +0 robe of Zaoll {rC+ rN+ Will+ Stlth+}
 32876 | Elf:3    | Reached skill level 19 in Shields
 32910 | Elf:3    | Paralysed by an air elemental for 1 turns
 32951 | Abyss:3  | Found a corrupted altar of Lugonu.
 32951 | Abyss:3  | Cast into level 3 of the Abyss (a deep elf demonologist)
 32964 | Abyss:3  | Noticed a bone dragon
 32995 | Abyss:3  | Killed a bone dragon
 33043 | Abyss:3  | Gained mutation: You passively map a small area around you.
                  | [a cacodemon]
 33066 | Elf:3    | Escaped the Abyss
 33174 | Elf:3    | Identified the +11 war axe "Synaz" {freeze, rPois}
 33224 | Elf:3    | Got the Directory of the Shivering Whammy
 33279 | Elf:3    | Identified the +0 chain mail "Abriv" {rF+ Dex+2}
 33284 | Elf:3    | Identified the +3 short sword "Romixu" {spect, rF+}
 33288 | Elf:3    | Got Naryorph's Omnibus of Evolving Position
 33298 | Elf:3    | Got the Compendium of Niveous Composition
 34036 | Vaults:1 | Entered Level 1 of the Vaults
 34146 | Vaults:3 | Found Foptupta's General Store.
 34407 | Vaults:1 | Paralysed by a great orb of eyes for 5 turns
 34823 | Vaults:1 | Found Nujaveex's Armour Boutique.
 34907 | Vaults:1 | Found a transporter.
 34931 | Vaults:1 | Found a transporter.
 35503 | Vaults:1 | Identified the ring of Geokeots {rF+ Will+ Int+3}
 35507 | Vaults:1 | Identified the +5 broad axe "Fehajo" {drain, Will++ Str-2}
 36100 | Vaults:2 | Reached skill level 20 in Shields
 36114 | Vaults:2 | Gained mutation: Your magical and physical power is greatly
                  | enhanced at high health. [demonic ancestry]
 36114 | Vaults:2 | Reached XP level 21. HP: 176/176 MP: 33/33
 36543 | Vaults:2 | Found a staircase to the Crypt.
 36543 | Vaults:2 | Found an ancient bone altar of Kikubaaqudgha.
 36544 | Vaults:2 | Found a basalt altar of Yredelemnul.
 36668 | Vaults:2 | Found a portal to a secret trove of treasure.
 36931 | Vaults:3 | Reached skill level 10 in Dodging
 37738 | Vaults:3 | Gained mutation: Your mind is acute. (Int +4, Str/Dex -1)
                  | [a shining eye]
 37990 | Vaults:4 | Paralysed by a sphinx for 5 turns
 38516 | Vaults:4 | Reached skill level 21 in Shields
 38856 | Vaults:4 | Noticed a golden dragon
 38899 | Vaults:4 | Reached XP level 22. HP: 186/186 MP: 35/35
 38952 | Vaults:4 | Found Byem Pour's Distillery.
 38960 | Vaults:4 | Bought a potion of invisibility for 168 gold pieces
 38960 | Vaults:4 | Bought a potion of curing for 63 gold pieces
 38960 | Vaults:4 | Bought a potion of heal wounds for 105 gold pieces
 38960 | Vaults:4 | Bought 2 potions of curing for 126 gold pieces
 38960 | Vaults:4 | Bought a potion of curing for 63 gold pieces
 39003 | Vaults:5 | Entered Level 5 of the Vaults
 39527 | Vaults:5 | Noticed Xtahua
 39671 | Vaults:5 | Noticed a golden dragon
 39674 | Vaults:5 | Killed Xtahua
 39679 | Vaults:5 | Noticed Bai Suzhen
 39681 | Vaults:5 | Noticed a golden dragon
 39692 | Vaults:4 | Killed a golden dragon
 39698 | Vaults:4 | Killed a golden dragon
 39774 | Vaults:4 | Killed Bai Suzhen
 40160 | Vaults:5 | Paralysed by a sphinx for 5 turns
 40271 | Vaults:5 | Identified the +9 rapier "Bubyt" {heavy, rN+++ Str-3 Int+4}
 40357 | Vaults:5 | Got the Cyclopedia of the Welkin and Virulence
 40368 | Vaults:5 | Identified the +8 quarterstaff of Symmetry {freeze, rF+ rC+
                  | Will+}
 40382 | Vaults:5 | Identified the +1 ring mail of Loireath {rN+ Int+2}
 40389 | Vaults:5 | Identified the ring "Ugulo" {rF+ rC+ Int+6 Slay+2}
 40668 | Vaults:5 | Reached skill level 22 in Shields
 40694 | Vaults:5 | Identified the +4 morningstar "Demonbane" {distort, rPois}
 40724 | Vaults:5 | Got Sif Muna's Almanac of Liminal Cinders
 41286 | Vaults:5 | Identified the ring of Xozint {Will+ SInv}
 41353 | Vaults:5 | Got the Grimoire of Lofty Transformation
 41519 | Vaults:5 | Got a silver rune of Zot
 42045 | Depths:1 | Entered Level 1 of the Depths
 42789 | Depths:1 | Reached XP level 23. HP: 192/196 MP: 36/36
 42866 | Depths:1 | Reached skill level 1 in Shapeshifting
 42878 | Depths:1 | Identified the +4 great sword of Qewufech {freeze, rF+
                  | Str+3 SInv}
 42964 | Depths:1 | Found a gateway to Hell.
 43111 | Depths:1 | Identified the ring "Yledepneis" {+Blink Will++ MP+9 SInv}
 43241 | Depths:1 | Found a one-way gate leading to the halls of Pandemonium.
 43443 | Depths:2 | Noticed a juggernaut
 43454 | Depths:2 | Killed a juggernaut
 43462 | Depths:2 | Noticed a caustic shrike
 43469 | Depths:2 | Killed a caustic shrike
 43502 | Depths:2 | Identified the ring of Ysoganir {rC+ SInv}
 44385 | Depths:2 | Found a runed translucent gate.
 44385 | Depths:2 | Found a runed translucent gate.
 44388 | Depths:2 | You fall into a shaft and drop 2 floors!
 44388 | Depths:4 | Entered Level 4 of the Depths
 44409 | Depths:4 | Noticed a juggernaut
 44412 | Depths:4 | Noticed Grunn
 44501 | Depths:3 | Reached skill level 23 in Shields
 44652 | Depths:4 | Noticed Parghit
 44679 | Depths:3 | Killed Parghit
 44703 | Depths:3 | Found a stormy altar of Qazlal.
 44717 | Depths:3 | Found a one-way gateway to a ziggurat.
 44729 | Depths:3 | Found a one-way gate to the infinite horrors of the Abyss.
 44751 | Depths:3 | Identified the ring of Vehumet's Regard {rF+ Will+}
 45923 | Depths:2 | Found a runed translucent gate.
 45923 | Depths:2 | Noticed timneilson's ghost (adept GrFi)
 45923 | Depths:2 | Noticed an ancient lich
 45923 | Depths:2 | Noticed a dread lich
 46058 | Depths:2 | Killed a dread lich
 46059 | Depths:2 | Killed an ancient lich
 46060 | Depths:2 | Reached XP level 24. HP: 206/206 MP: 35/36
 46073 | Depths:2 | Killed timneilson's ghost
 46340 | Depths:3 | Killed Grunn
 46374 | Depths:3 | Killed a juggernaut
 46519 | Depths:4 | Identified the +6 flail "Vunes" {drain, Fragile rElec rPois
                  | Stlth+}
 46581 | Depths:4 | Found a gate to the Realm of Zot.
 46961 | Depths:4 | Found Vuarept's Weapon Boutique.
 46977 | Depths:4 | Found an ancient bone altar of Kikubaaqudgha.
 47193 | Hell     | Entered the Vestibule of Hell
 47194 | Hell     | Noticed Geryon
 47547 | Hell     | Noticed Murray
 47553 | Depths:4 | Reached skill level 24 in Shields
 47602 | Depths:4 | Killed Murray
 47727 | Hell     | Killed Geryon
 48357 | Vaults:2 | You paid a toll of the horn of Geryon to enter a treasure
                  | trove
 48358 | Trove    | Entered a treasure trove
 48380 | Trove    | Identified the +2 cloak "Acaarch" {Slay+2}
 48382 | Trove    | Identified the ring "Alacruhi" {rElec rF+ rC- Int+6 Slay+5}
 48384 | Trove    | Identified the ring of Sois {rElec rF- Will+ Str+2 Int+4}
 48386 | Trove    | Identified the ring "Techuug" {Will+ SInv}
 48394 | Trove    | Identified the ring "Giufuw" {Drain rElec rF+++ rN++ Int+6}
 48924 | Hell     | Found a gateway to the Iron City of Dis.
 49019 | Hell     | Found a gateway to the decaying netherworld of Tartarus.
 49053 | Hell     | Found a gateway to the ashen valley of Gehenna.
 49110 | Hell     | Found a gateway to the freezing wastes of Cocytus.
 49334 | Zot:1    | Entered Level 1 of the Realm of Zot
 49355 | Zot:1    | Reached skill level 5 in Shapeshifting
 49455 | Zot:1    | Identified the +5 dagger of the Vine {freeze, rPois rC+ rN+
                  | Str+5}
 50222 | Zot:2    | Reached XP level 25. HP: 191/215 MP: 31/37
 50486 | Zot:2    | Noticed a Killer Klown
 50503 | Zot:2    | Killed a Killer Klown
 51276 | Zot:3    | Noticed a Killer Klown
 51290 | Zot:3    | Killed a Killer Klown
 52506 | Zot:3    | Reached skill level 25 in Shields
 52750 | Zot:4    | Noticed a Killer Klown
 52769 | Zot:3    | Killed a Killer Klown
 53183 | Zot:5    | Entered Level 5 of the Realm of Zot
 53380 | Zot:5    | Noticed an ancient lich
 54403 | Slime:1  | Entered Level 1 of the Pits of Slime
 54558 | Slime:2  | Gained mutation: You have hidden genetic defects. [a
                  | shining eye]
 54571 | Slime:2  | Lost mutation: You have hidden genetic defects. [potion of
                  | mutation]
 54571 | Slime:2  | Lost mutation: Your mind is acute. (Int +4, Str/Dex -1)
                  | [potion of mutation]
 54571 | Slime:2  | Gained mutation: Your flesh is heat resistant. (rF+)
                  | [potion of mutation]
 54571 | Slime:2  | Gained mutation: Your mind is acute. (Int +4, Str/Dex -1)
                  | [potion of mutation]
 54798 | Slime:4  | Reached XP level 26. HP: 225/225 MP: 37/37
 54808 | Slime:5  | Entered Level 5 of the Pits of Slime
 54914 | Slime:5  | Noticed the Royal Jelly
 54926 | Slime:5  | Killed the Royal Jelly
 54936 | Slime:5  | Paralysed by a floating eye for 3 turns
 54986 | Slime:5  | Got a slimy rune of Zot
 55087 | Slime:5  | Identified the staff "Ugamegais" {Drain rPois rF+ rC+++
                  | Stlth- Fire}
 55194 | Slime:5  | Got the Octavo of Elitism
 55196 | Slime:5  | Got the Opusculum on the Coals
 55197 | Slime:5  | Identified the ring "Ohedaosy" {Fire +Blink MP-9 SInv}
 55199 | Slime:5  | Identified the ring "Noreenit" {EV+5 Dex+2}
 55206 | Slime:5  | Reached skill level 15 in Evocations
 55284 | Slime:5  | Got the Parchment of Fog and Geometries
 55294 | Slime:5  | Identified the ring "Ubliokhlo" {Fly rC- Will++ Int+3
                  | Dex+6}
 56329 | Slime:5  | Identified the +8 shortbow "Kiro" {antimagic, Fragile rPois
                  | rC++}
 56865 | Depths:2 | Voluntarily entered the Abyss.
 56908 | Abyss:3  | Found a corrupted altar of Lugonu.
 57021 | Abyss:3  | Found a corrupted altar of Lugonu.
 57106 | Abyss:3  | Found a corrupted altar of Lugonu.
 57191 | Depths:2 | Escaped the Abyss
 57241 | Depths:2 | Voluntarily entered the Abyss.
 57405 | Abyss:3  | Reached skill level 26 in Shields
 57634 | Abyss:3  | Found a corrupted altar of Lugonu.
 57782 | Abyss:3  | Found a corrupted altar of Lugonu.
 57880 | Abyss:3  | Found a corrupted altar of Lugonu.
 58159 | Abyss:3  | Lost mutation: Your mind is acute. (Int +4, Str/Dex -1) [a
                  | neqoxec]
 58209 | Abyss:4  | Found a corrupted altar of Lugonu.
 58230 | Abyss:4  | Found a corrupted altar of Lugonu.
 58233 | Abyss:4  | Found a corrupted altar of Lugonu.
 58233 | Abyss:4  | Found a corrupted altar of Lugonu.
 58292 | Abyss:4  | Reached XP level 27. HP: 211/211 MP: 37/37
 58396 | Abyss:4  | Gained mutation: You sometimes lose your temper in combat.
                  | [a neqoxec]
 58523 | Abyss:4  | Paralysed by accursed screaming for 1 turns
 58533 | Abyss:4  | Paralysed by accursed screaming for 1 turns
 58649 | Depths:2 | Escaped the Abyss
 58686 | Depths:2 | Voluntarily entered the Abyss.
 58688 | Abyss:4  | Noticed an ancient lich
 58714 | Abyss:4  | Killed an ancient lich
 58878 | Depths:2 | Escaped the Abyss
 59326 | Depths:2 | Voluntarily entered the Abyss.
 59326 | Abyss:4  | Found a corrupted altar of Lugonu.
 59336 | Abyss:4  | Reached skill level 15 in Dodging
 59373 | Abyss:4  | Reached skill level 27 in Shields
 59434 | Abyss:4  | Got an abyssal rune of Zot
 59465 | Depths:2 | Escaped the Abyss
 60037 | Zot:5    | Noticed an orb of fire
 60039 | Zot:5    | Gained mutation: You passively map the area around you. [an
                  | orb of fire]
 60047 | Zot:5    | Gained mutation: Your spells are a little easier to cast,
                  | but a little less powerful. [an orb of fire]
 60048 | Zot:5    | Noticed an orb of fire
 60054 | Zot:5    | Killed an orb of fire
 60056 | Zot:5    | Noticed a dread lich
 60069 | Zot:5    | Killed an orb of fire
 60073 | Zot:5    | Killed a dread lich
 60086 | Zot:5    | Noticed an orb of fire
 60090 | Zot:5    | Gained mutation: You are weak. (Str -2) [an orb of fire]
 60090 | Zot:5    | Gained mutation: Your body sometimes deteriorates upon
                  | taking damage. [an orb of fire]
 60093 | Zot:5    | Gained mutation: You occasionally shout uncontrollably at
                  | your foes. [an orb of fire]
 60102 | Zot:5    | Gained mutation: You have hidden genetic defects. [an orb
                  | of fire]
 60103 | Zot:5    | Gained mutation: Your body often deteriorates upon taking
                  | damage. [an orb of fire]
 60107 | Zot:5    | Killed an orb of fire
 60108 | Zot:5    | Lost mutation: You are weak. (Str -2) [potion of mutation]
 60108 | Zot:5    | Lost mutation: You have hidden genetic defects. [potion of
                  | mutation]
 60108 | Zot:5    | Lost mutation: You sometimes lose your temper in combat.
                  | [potion of mutation]
 60108 | Zot:5    | Gained mutation: You expend magic power (3 MP) to
                  | strengthen your wands. [potion of mutation]
 60108 | Zot:5    | Gained mutation: You passively map a large area around you.
                  | [potion of mutation]
 60239 | Zot:5    | Noticed an ancient lich
 60251 | Zot:5    | Noticed an orb of fire
 60261 | Zot:5    | Killed an ancient lich
 60270 | Zot:5    | Gained mutation: You are dopey. (Int -2) [an orb of fire]
 60271 | Zot:5    | Killed an orb of fire
 60279 | Zot:5    | Noticed a dread lich
 60310 | Zot:5    | Noticed an orb of fire
 60318 | Zot:5    | Killed a dread lich
 60321 | Zot:5    | Gained mutation: You are occasionally teleported next to
                  | monsters. [an orb of fire]
 60489 | Zot:5    | Gained mutation: You are weak. (Str -2) [an orb of fire]
 60493 | Zot:5    | Killed an orb of fire
 60544 | Zot:5    | Noticed a dread lich
 60553 | Zot:5    | Noticed an ancient lich
 60555 | Zot:5    | Noticed a dread lich
 60565 | Zot:5    | Killed a dread lich
 60567 | Zot:5    | Killed a dread lich
 60568 | Zot:5    | Killed an ancient lich
 60568 | Zot:5    | Noticed an ancient lich
 60574 | Zot:5    | Killed an ancient lich
 60580 | Zot:5    | Killed an ancient lich
 61093 | Zig:1    | Entered Level 1 of a ziggurat
 61132 | Zig:2    | Entered Level 2 of a ziggurat
 61168 | Zig:3    | Entered Level 3 of a ziggurat
 61199 | Zig:4    | Entered Level 4 of a ziggurat
 61235 | Zig:4    | Identified the +3 scale mail of the Vacuum {rN+}
 61243 | Zig:5    | Entered Level 5 of a ziggurat
 61276 | Zig:5    | Identified the +3 whip of the Snake Pit {flame, rC+}
 61287 | Zig:6    | Entered Level 6 of a ziggurat
 61336 | Zig:6    | Identified the +0 troll leather armour "Dimnasol" {Regen+
                  | rCorr}
 61358 | Zig:7    | Entered Level 7 of a ziggurat
 61366 | Zig:7    | Paralysed by a wendigo for 1 turns
 61384 | Zig:7    | Identified the +3 scale mail "Koagufun" {rCorr SInv}
 61403 | Zig:7    | Identified the ring of Imufous Nuci {rPois rF+ EV+5 Dex+3}
 61420 | Zig:8    | Entered Level 8 of a ziggurat
 61515 | Zig:8    | Identified the +4 glaive of Tyrer {flame, rC+ Int+2}
 61518 | Zig:9    | Entered Level 9 of a ziggurat
 61560 | Zig:9    | Identified the +8 hand axe "Reki" {heavy, *Noise Int+3
                  | Stlth+}
 61563 | Zig:9    | Identified the +10 flail of Fisk {vamp, rN+ MP-9 SInv}
 61568 | Zig:10   | Entered Level 10 of a ziggurat
 61640 | Zig:10   | Identified the +0 rapier of Rotation {heavy, Fly Int+3}
 61648 | Zig:11   | Entered Level 11 of a ziggurat
 61648 | Zig:11   | Noticed a dread lich
 61650 | Zig:11   | Noticed an ancient lich
 61653 | Zig:11   | Noticed an ancient lich
 61657 | Zig:11   | Noticed an ancient lich
 61657 | Zig:11   | Noticed an ancient lich
 61658 | Zig:11   | Noticed a dread lich
 61661 | Zig:11   | Noticed a dread lich
 61663 | Zig:11   | Noticed an ancient lich
 61669 | Zig:11   | Noticed a dread lich
 61673 | Zig:11   | Killed from afar by an ancient lich

Illustrated notes

Levels and vault maps discovered:
D:1:      dpeg_arrival_round_b, layout_loops_ring, nrook_mini_backslash
D:2:      layout_loops_ring
D:3:      layout_basic, mainiacjoe_overflow_24_doors,
          chequers_ecumenical_altar_simple_redux, kennysheep_generic_room_2
D:4:      layout_loops_cross, minivault_4, kennysheep_small_spiral
D:5:      layout_basic, temple_statues, hellmonk_no_cap, uniq_duvessa
D:6:      kennysheep_housing_project, layout_gridville, serial_shops, shop,
          minmay_fountain_box
D:7:      layout_basic, enter_bailey_2
D:8:      layout_loops_ring, erik_lair_island,
          ploomutoo_gammafunk_ghost_potion_laboratory, uniq_joseph, uniq_maurice
D:9:      layout_basic, chequers_temple_overflow_statue_of_worship,
          mainiacjoe_overflow_boulevard, nicolae_shop_gadgets
D:10:     layout_roguey, mainiacjoe_overflow_six_doors_small,
          minmay_misc_feat_tower, chequers_arboretum, uniq_erolcha
D:11:     layout_roguey, biasface_ghost_orc_armoury,
          nemelex_xobeh_ov_fountains_minmay
D:12:     layout_basic, zombieorc2_lemuel, nicolae_ru_the_path_less_chosen
D:13:     cheibrodos_orc_bank, layout_rooms, david_vaults_5,
          nicolae_benzene_ring, nicolae_water_bricks, okawaru_gym_becter
D:14:     layout_roguey
D:15:     hellmonk_depths_entry_around_the_bend, layout_gridville,
          chequers_serial_rivers_micro_c, hangedman_decor_points
Temple:   hellmonk_temple_divided_pantheon
Lair:1:   layout_gridlike, ebering_ghost_rock_garden, gauntlet_entry_generic,
          serial_bayou_shore_b, lemuel_fruit_fields,
          infiniplex_staircase_pool_2, serial_bayou_shore_b, uniq_maggie
Lair:2:   layout_chaotic_city, alex1729_swamp_entry_worm_eleionoma,
          beast_lair_carwin_10
Lair:3:   layout_gridlike, spider_nest_entry_web_field,
          infiniplex_staircase_pool, lemuel_fruit_fields, uniq_sonja
Lair:4:   layout_cave_pods, slime_entry_1, beast_lair_carwin_1,
          serial_bayou_shore_b, grunt_megastairs_2, serial_bayou_shore_b
Lair:5:   minmay_lair_end_frog_pond, layout_regular_city
Swamp:1:  layout_falls_marsh, evilmike_swamp_ruin_house_3, swamp_pool1,
          nicolae_swamp_orc_logging_accident
Swamp:2:  layout_falls_marsh, hangedman_swamp_ruin_wall, uniq_roxanne,
          uniq_nikola
Swamp:3:  layout_basic_swamp, hangedman_swamp_blocks
Swamp:4:  swamp_basic_johnstein, layout_basic_swamp, swamp_pool1,
          nicolae_swamp_well_well_well, uniq_mlioglotl
Spider:1: layout_spider_delve, drop_trap
Spider:2: layout_spider_delve, portal_ice_cave_entry_ice_statue_two,
          hangedman_spider_tarantella_strand
Spider:3: layout_spider_delve, guppyfry_spider_mini_1, uniq_arachne
Spider:4: floodkiller_spider_rune_tomb
Slime:1:  layout_caves, cheibrodos_slime_lost_civilization_5
Slime:2:  cheibrodos_slime_lost_civilization_1, layout_caves,
          nicolae_slime_crime_time
Slime:3:  layout_caves, nicolae_slime_getting_an_eyeful
Slime:4:  layout_caves
Slime:5:  slime_pit_nicolae_inversion
Orc:1:    layout_caves, guppyfry_library_mini, uniq_jorgrun, uniq_josephine,
          uniq_fannar, uniq_gastronok
Orc:2:    st_orc_open, layout_caves, serial_shops, nicolae_shop_behind_doors,
          dreamdust_deal_with_the_devil
Elf:1:    layout_gridlike, kennysheep_underground_church
Elf:2:    nicolae_elf_blades_splatter_lattice [nicolae_blade_little_rooms],
          layout_loops_cross, serial_shops, nicolae_shop_overgrown_old_shop,
          ebering_ghost_xom, lemuel_upstairs_altar, uniq_louise
Elf:3:    grunt_elf_hall_asides, layout_loops_corners, serial_shops,
          nicolae_shop_tiny_real_fake_doors
Vaults:1: vaults_mumra_hex, ontoclasm_vaults_ring_square,
          nicolae_vaults_door_testing_chamber,
          vaults_standard_mumra_enter_the_diamond, hangedman_vaults_trim,
          nicolae_vaults_trapezoid_lopsided_1, nicolae_vaults_tetromino_T_1,
          gammafunk_the_bubble [the_bubble_gammafunk_grid],
          nicolae_vaults_what_the_h, nicolae_vaults_tangram_1,
          vaults_dpeg_hooks, nicolae_vaults_oval_intersection, v_rooms_3,
          nicolae_vaults_octothorpe, layout_vaults_omnicross, serial_shops, shop
Vaults:2: nicolae_vaults_house_3, ontoclasm_vaults_fault, v_misc_14,
          st_smaller_cells, vaults_dpeg_ring,
          nicolae_vaults_trapezoid_lopsided_4, minmay_crypt_entry_necro_gods,
          v_misc_27, layout_vaults_omnigrid, nicolae_trove_entry_path_of_doom
Vaults:3: grunt_vaults_diagonal, vaults_dpeg_encased_lava, v_misc_33, v_misc_17,
          hangedman_vaults_trim, v_rooms_4, vaults_room_hallway,
          nicolae_vaults_tetromino_T_1, dpeg_vaults_pockets_of_resistance,
          nicolae_vaults_offset_grid_hallway_3, v_misc_26, v_misc_11,
          nicolae_vaults_trapezoid_1, v_pattern_4, layout_vaults_ring,
          serial_shops, shop
Vaults:4: nicolae_vaults_specimen_jars, nicolae_vaults_shipping_containers_4,
          hangedman_vaults_pinch, nicolae_vaults_lightning_bolt, v_rooms_2,
          hangedman_vaults_restitches, nicolae_vaults_apartment_1,
          nicolae_vaults_ring_of_whatevers, nicolae_vaults_trapezoid_lopsided_2,
          nicolae_vaults_spaceships, hangedman_vaults_variations,
          nicolae_vaults_trapezoid_2, nicolae_vaults_network_periphery,
          nicolae_vaults_trapezoid_1, vaults_room_stairs_pillars,
          layout_vaults_omnibox, serial_shops, nicolae_shop_crystal
Vaults:5: uniq_bai_suzhen, uniq_xtahua
Depths:1: layout_cave_pools, pf_hell_entry_tar_spiral, rand_demon_pan_entry_8,
          minmay_misc_feat_four_crosses, kennysheep_generic_room_10
Depths:2: minmay_the_grid_four_pointed_star_mashed
          [minmay_the_grid_triangle_9x9_windchime,
          minmay_the_grid_triangle_9x9_sprig,
          minmay_the_grid_triangle_9x9_skeleton,
          minmay_the_grid_triangle_9x9_sparse_checkered,
          minmay_the_grid_prize_four_corners_diamond_a], layout_gridville,
          gammafunk_ghost_necromancy, grunt_pan_entry_spiral, minivault_14,
          grunt_hell_entry_dis_old, abyss_entry_glasseish,
          nicolae_fountain_basement, infiniplex_staircase_split_hallway
Depths:3: minmay_bloctagon_deflated, layout_gridville, enter_ziggurat_e,
          lightli_too_deep, nicolae_qazlal_scattered_showers, abyss_entry
Depths:4: grunt_zot_entry_bicorn, layout_cave_pools, kiku_gazebo_pond_becter,
          serial_shops, shop, rand_demon_pan_entry_7, hell_entry, uniq_parghit,
          uniq_grunn
Hell
Zot:1:    layout_basic, drop_trap
Zot:2:    layout_misc_corridors
Zot:3:    layout_cathedral_of_symmetry, st_single_dragon_hoard_1
Zot:4:    layout_cathedral_of_symmetry
Zot:5:    layout_misc_corridors
Zig:11:   ziggurat_pillar_centre_c, ziggurat_pillar_centre_c,
          ziggurat_pillar_centre_c, ziggurat_pillar_centre_c

Skill      XL: |  1  2  3  4  5  6  7  8  9 10 11 12 13 14 15 16 17 18 19 20 21 22 23 24 25 26 27 |
---------------+----------------------------------------------------------------------------------+-----
Axes           | 2 3 4 5 7 8 10 12 14 15 16 17 18 | 18.0
Armour         | 3 4 5 6 7 8 9 10 11 12 13 | 13.8
Shields        | 3 4 5 7 8 9 10 12 13 15 16 17 18 20 21 22 23 24 25 26 27 | 27.0
Fighting       | 4 5 6 7 9 10 12 13 14 15 16 17 18 19 20 21 22 23 26 | 26.3
Dodging        | 1 2 3 5 6 8 9 11 12 13 14 15 | 15.1
Invocations    | 2 4 6 8 9 11 12 13 14 15 16 17 18 19 20 21 23 | 23.8
Throwing       | 1 |  1.8
Evocations     | 2 4 6 7 8 9 10 11 12 13 14 15 18 | 18.3
Long Blades    | 1 2 |  2.4
Shapeshifting  | 3 5 6 7 8 |  8.3
Stealth        | |  0.4
Unarmed Combat | |  0.9

Action                     |  1- 3 |  4- 6 |  7- 9 | 10-12 | 13-15 | 16-18 | 19-21 | 22-24 | 25-27 || total
---------------------------+-------+-------+-------+-------+-------+-------+-------+-------+-------++-------
  Melee: War axe           |   117 |   127 |   232 |       |   691 |   338 |       |       |   113 ||  1618
         Headbutt          |       |       |    16 |    57 |   171 |   310 |   366 |   451 |   601 ||  1972
         Broad axe         |       |       |       |   272 |    12 |   638 |  1228 |  1165 |  1644 ||  4959
         Scimitar          |       |       |       |       |     6 |    45 |       |       |       ||    51
         Unarmed           |       |       |       |       |       |       |       |    20 |       ||    20
  Throw: Stone             |     3 |     4 |       |       |       |       |       |       |       ||     7
         Boomerang         |       |       |     9 |     7 |     3 |     5 |       |     3 |       ||    27
 Invoke: Elemental Force   |       |       |       |     1 |    11 |     9 |     7 |    10 |    15 ||    53
         Upheaval          |       |       |       |       |     6 |     5 |     2 |     8 |    25 ||    46
         Disaster Area     |       |       |       |       |       |       |       |       |     2 ||     2
Ability: Evoke Blink       |       |       |       |       |       |       |       |       |     4 ||     4
  Evoke: Wand              |       |       |       |       |     1 |     1 |     4 |     3 |     5 ||    14
         Tin of tremorston |       |       |       |       |       |     3 |     1 |     4 |     6 ||    14
    Use: Scroll            |     4 |     4 |     7 |     8 |     8 |    21 |     5 |     4 |    11 ||    72
         Potion            |       |       |     3 |     3 |     4 |     5 |     1 |       |     7 ||    23
   Stab: Paralysed         |       |       |       |     1 |     4 |     6 |     2 |    23 |    10 ||    46
         Distracted        |       |       |       |       |     2 |     2 |       |     2 |     2 ||     8
         Confused          |       |       |       |       |       |       |       |     2 |       ||     2
 Armour: Scale mail        |    60 |    23 |       |       |       |       |       |       |       ||    83
         Chain mail        |       |    36 |   120 |       |       |       |       |       |       ||   156
         Plate armour      |       |       |       |   136 |   372 |   576 |   216 |   213 |       ||  1513
         Gold dragon scale |       |       |       |       |       |       |       |   288 |   554 ||   842
         Skin              |       |       |       |       |       |       |       |     9 |       ||     9
  Dodge: Dodged            |    42 |    53 |    83 |   113 |   244 |   327 |   231 |   386 |   405 ||  1884
         Repelled          |       |       |       |       |     4 |    14 |    12 |    18 |    41 ||    89
  Block: Buckler           |    27 |    32 |    74 |   153 |   311 |       |       |       |       ||   597
         Reflection        |       |       |       |       |    26 |       |       |       |       ||    26
         Tower shield      |       |       |       |       |   617 |  1777 |  1330 |  2107 |  2475 ||  8306
         Other             |       |       |       |       |       |       |       |     8 |       ||     8
         Form:             |       |       |       |       |       |       |       |     1 |     1 ||     2
         Statue            |       |       |       |       |       |       |       |     1 |     1 ||     2

Table legend: (Time is in decaauts)
 A = Elapsed time spent in this place.
 B = Non-inter-level travel time spent in this place.
 C = Inter-level travel time spent in this place.
 D = Time resting spent in this place.
 E = Time spent auto-exploring this place.
 F = Levels seen in this place.
 G = Mean time per level.
                   A        B        C        D        E       F      G
               +--------+--------+--------+--------+--------+-----+--------+
         Total |  61734 |  52532 |   9202 |   4265 |  23994 |  77 |  801.7 |
       Dungeon |  19119 |  14756 |   4363 |   1009 |   7841 |  15 | 1274.6 |
        Temple |     54 |     54 |      0 |      0 |      0 |   1 |   54.0 |
          Lair |   5860 |   4704 |   1156 |    130 |   2742 |   5 | 1172.0 |
         Swamp |   2766 |   2487 |    279 |     96 |   1315 |   4 |  691.5 |
   Spider Nest |   3344 |   3018 |    326 |     47 |   1877 |   4 |  836.0 |
    Slime Pits |   1562 |   1499 |     63 |    170 |    326 |   5 |  312.4 |
  Orcish Mines |   1248 |   1042 |    206 |      0 |    530 |   2 |  624.0 |
   Elven Halls |   3905 |   3365 |    540 |     52 |   1649 |   3 | 1301.7 |
        Vaults |   7313 |   6291 |   1022 |    332 |   3223 |   5 | 1462.6 |
        Depths |   5299 |   4672 |    627 |   1079 |   1686 |   4 | 1324.8 |
          Hell |    438 |    422 |     16 |      0 |    264 |   1 |  438.0 |
           Zot |   6025 |   5426 |    599 |    412 |   2332 |   5 | 1205.0 |
         Abyss |   2194 |   2194 |      0 |     29 |     57 |   8 |  274.2 |
      Ziggurat |    539 |    539 |      0 |     61 |      0 |  11 |   49.0 |
         Trove |     48 |     48 |      0 |      0 |      0 |   1 |   48.0 |
        Bailey |    983 |    983 |      0 |    561 |      0 |   1 |  983.0 |
      Ice Cave |    425 |    425 |      0 |     48 |    150 |   1 |  425.0 |
      Gauntlet |    605 |    605 |      0 |    239 |      0 |   1 |  605.0 |
               +--------+--------+--------+--------+--------+-----+--------+

Top non-repeatable levels by time:
     D:8: 2109 daAuts
Depths:2: 2054 daAuts
Vaults:1: 1760 daAuts
     D:9: 1690 daAuts
    D:15: 1675 daAuts
Vaults:4: 1650 daAuts
    D:13: 1578 daAuts
  Lair:1: 1531 daAuts
   Zot:3: 1531 daAuts
   Elf:3: 1497 daAuts
 Abyss:3: 1482 daAuts
Depths:4: 1469 daAuts
   Elf:2: 1449 daAuts
    D:12: 1446 daAuts
Vaults:2: 1441 daAuts
